 Dungeon Crawl Stone Soup version 0.24-a0-619-gb7544fd237 (webtiles) character file.

Game seed: 18409231750934623656, levelgen mode: deterministic

12 Jorund the Magician (level 2, 7/15 HPs)
             Began as a Tengu Wizard on Sept 17, 2019.
             Quit the game on level 2 of the Dungeon.
             The game lasted 00:01:22 (458 turns).

Jorund the Magician (Tengu Wizard)                   Turns: 458, Time: 00:01:22

Health: 7/15       AC:  2    Str:  7    XL:     2   Next: 33%
Magic:  7/7        EV: 12    Int: 18    God:
Gold:   22         SH:  0    Dex: 12    Spells: 7/8 levels left

rFire    . . .     SeeInvis .   c - +0 whip
rCold    . . .     Gourm    .   (no shield)
rNeg     . . .     Faith    .   a - +0 robe
rPois    .         Spirit   .   b - +0 hat
rElec    .         Reflect  .   (no cloak)
rCorr    .         Harm     .   (no gloves)
MR       .....                  (boots unavailable)
Stlth    ++........             (no amulet)
HPRegen  0.05/turn              (no ring)
MPRegen  0.10/turn              (no ring)

@: no status effects
A: beak, talons 3
a: no special abilities


You were on level 2 of the Dungeon.
You were not hungry.

You visited 1 branch of the dungeon, and saw 2 of its levels.

You collected 22 gold pieces.

Inventory:

Hand Weapons
 c - a +0 whip (weapon)
Missiles
 g - 23 poisoned darts (quivered)
Armour
 a - a +0 robe (worn)
 b - a +0 hat (worn)
Potions
 f - 2 potions of curing
Comestibles
 d - 2 rations


   Skills:
 - Level 2.1 Dodging
 - Level 2.0 Stealth
 + Level 3.5 Spellcasting
 * Level 1.8 Conjurations
   Level 1.2 Summonings
   Level 0.7 Translocations


You had 7 spell levels left.
You knew the following spells:

 Your Spells              Type           Power        Failure   Level  Hunger
a - Magic Dart            Conj           #...         8%          1    None

Your spell library contained the following spells:

 Spells                   Type           Power        Failure   Level  Hunger
 Call Imp                 Summ           #.......     14%         2    ##.....
 Blink                    Tloc           N/A          17%         2    ##.....
 Slow                     Hex            #.......     24%         2    ##.....
 Conjure Flame            Conj/Fire      #.......     32%         3    ###....
 Mephitic Cloud           Conj/Pois/Air  #.......     36%         3    ###....


Dungeon Overview and Level Annotations

Branches:
Dungeon (1/15)

Altars:

Annotations:
D:2 Sigmund


Innate Abilities, Weirdness & Mutations

You have a beak for a mouth.
You have claws for feet.


Message History

The shaft crumbles and collapses. 2 kobolds and Sigmund come into view.
A kobold is wielding a +2 dagger of freezing.
The kobold shouts!
You hear a bark! x2
The kobold throws a stone.
The stone hits you.
You see here a stone.
Sigmund shouts!
Sigmund hits you from afar with a +0 scythe.
The kobold throws a stone.
The stone hits you.
You see here a stone.
A jackal comes into view.
The kobold throws a stone.
The stone barely misses you.
A worm comes into view.
As you read the scroll labeled CUFIENL FEHULL, it crumbles to dust.
You feel blessed for a moment.
It was a scroll of remove curse.
As you read the scroll labeled IMISIL ZIARUH, it crumbles to dust.
It is a scroll of identify.
f - 2 potions of curing Sigmund closely misses you.
Are you sure you want to abandon this character and quit the game? (Confirm with "yes".)

..# ..
##.. .#.
.. #. w#
#.#
#####.#
#.#
#.@.@.#
#.#
#K#####
#.# #.#
#.# #@#
##.###.#
#..@.K.#
#..#####
#..#
#.(#


You could see Sigmund, a worm and a kobold.

Vanquished Creatures
  A dart slug (D:1)
  A ball python (D:1)
  2 hobgoblins (D:1)
  2 kobolds (D:1)
  2 frilled lizards (D:1)
  2 rats (D:1)
10 creatures vanquished.

Notes
Turn   | Place    | Note
-------+----------+-------------------------------------------
     0 | D:1      | Jorund the Tengu Wizard began the quest for the Orb.
     0 | D:1      | Reached XP level 1. HP: 10/10 MP: 5/5
   208 | D:1      | Reached XP level 2. HP: 15/15 MP: 1/7
   441 | D:1      | You fall into a shaft and drop 1 floor!
   442 | D:2      | Noticed Sigmund
   458 | D:2      | Quit the game

Levels and vault maps discovered:
D:1:      psy_arrival_radial02, layout_rooms
D:2:      layout_basic, dancing_weapons_uskayaw, uniq_sigmund, uniq_natasha

Action                   || total
-------------------------++-------
Melee: Whip              ||     4
 Cast: Magic Dart        ||    24
  Use: Scroll            ||     2
Armor: Robe              ||     1
Dodge: Dodged            ||     4

Table legend:
 A = Non-vault XP
 B = Vault XP
 C = Vault XP percentage of total XP
 D = Non-vault monster count
 E = Vault monster count
 F = Vault count percentage of total count
                 A         B        C        D         E       F
            +---------+---------+-------+---------+---------+-------
      Total |      18 |       0 |   0.0 |      10 |       0 |   0.0
            +---------+---------+-------+---------+---------+-------
        D:1 |      18 |       0 |   0.0 |      10 |       0 |   0.0
            +---------+---------+-------+---------+---------+-------
